 Dungeon Crawl Stone Soup version 0.26-a0-940-gf7e0b5f775 (webtiles) character file.

Game seed: 13837484405676590245

708 runemasterragnar the Slasher (level 7, -2/49 HPs)
             Began as an Octopode Fighter on Nov 21, 2020.
             Was an Initiate of Gozag.
             Slain by an ogre
             ... wielding a +0 giant club
              (21 damage)
             ... on level 4 of the Dungeon on Nov 28, 2020.
             The game lasted 00:04:15 (3090 turns).

runemasterragnar the Slasher (Octopode Fighter)     Turns: 3090, Time: 00:04:15

Health: -2/49      AC:  4    Str: 21      XL:     7   Next: 67%
Magic:  9/9        EV: 12    Int: 14 (15) God:    Gozag
Gold:   67         SH:  9    Dex: 10 (11) Spells: 8/9 levels left

rFire    . . .     SeeInvis .   a - +0 long sword
rCold    . . .     Faith    .   b - +0 kite shield
rNeg     . . .     Spirit   .   (helmet restricted)
rPois    .         Reflect  .   (no amulet)
rElec    .         Harm     .   l - +6 ring of strength
rCorr    .         Rampage  .   (no ring)
MR       .....                  (no ring)
Stlth    +++.......             (no ring)
HPRegen  0.16/turn              (no ring)
MPRegen  0.11/turn              (no ring)
                                (no ring)
                                (no ring)

@: no status effects
A: almost no armour, stealthy swim, amphibious, 8 rings, constrict 8, molten
scales 1, rugged brown scales 1, camouflage 1, clever 1, deterioration 1,
gelatinous body 1
a: Potion Petition, Call Merchant, Bribe Branch, Renounce Religion


You were on level 4 of the Dungeon.
You worshipped Gozag.
Gozag was noncommittal.
You visited 2 branches of the dungeon, and saw 5 of its levels.

You collected 104 gold pieces.
You paid 37 gold pieces to Gozag.

Inventory:

Hand Weapons
 a - a +0 long sword (weapon)
 m - a +2 dagger of venom
Missiles
 d - 5 javelins
 h - 6 boomerangs (quivered)
Armour
 b - a +0 kite shield (worn)
Jewellery
 l - a +6 ring of strength (left tentacle)
Wands
 e - a wand of paralysis (5)
Scrolls
 c - 2 scrolls of fear {unknown}
 f - a scroll of remove curse {unknown}
 g - 2 scrolls of enchant weapon {unknown}
 i - a scroll of amnesia {unknown}
 j - a scroll of teleportation {unknown}
 k - 3 scrolls of identify {unknown}


   Skills:
 + Level 4.0 Fighting
 * Level 4.4 Long Blades
 + Level 4.0 Dodging
 + Level 3.6 Stealth
 + Level 4.0 Shields
 + Level 2.3 Unarmed Combat
 + Level 1.5 Spellcasting
 * Level 2.6 Translocations


You had 8 spell levels left.
You knew the following spells:

 Your Spells              Type           Power        Failure   Level
a - Apportation           Tloc           #.....       34%         1

Your spell library contained the following spells:

 Spells                   Type           Power        Failure   Level
 Animate Skeleton         Necr           #.....       71%         1
 Corona                   Hex            #......      71%         1
 Summon Small Mammal      Summ           #...         71%         1


Dungeon Overview and Level Annotations

Branches:
Dungeon (4/15)             Temple (1/1) D:4

Altars:
Gozag
Ru
Sif Muna
Uskayaw
Xom
Yredelemnul

Annotations:
D:3 Robin


Innate Abilities, Weirdness & Mutations

You cannot wear most types of armour.
You are very stealthy in the water. (Stealth+)
You are amphibious.
You can wear up to eight rings at the same time.
You can use your tentacles to constrict eight enemies at once.
Your skin changes colour to match your surroundings (Stealth+).
Your rubbery body absorbs attacks. (AC +1, EV +1)
You are partially covered in molten scales. (AC +2)
You are partially covered in rugged brown scales. (AC +1, +3% HP)
Your mind is acute. (Int +2)
Your body sometimes deteriorates upon taking damage.


Message History

An ogre is nearby!
An ogre is nearby!
Your shield prevents you from hitting the ogre.
You squeeze the ogre.
The ogre is heavily wounded.
The ogre closely misses you.
Unknown command.
You completely miss the ogre. You squeeze the ogre, but do no damage.
The ogre is heavily wounded.
The ogre barely misses you.
Unknown command.
You closely miss the ogre. Your squeeze misses the ogre.
The ogre is heavily wounded.
The ogre barely misses you.
Unknown command.
You hit the ogre.
The ogre is severely wounded.
The ogre hits you with a +0 giant club!!
You die...
Your body crumbles into a pile of gold.

#.### #.#
#####.#
#.....#
#.#####
#.# #####
#.# #...#
#.###
#.#.#
#...#
#.#@#
###.#
#.#O#
#.###.#.?
#.....####
#######


You could see an ogre.

Vanquished Creatures
  Sigmund (D:3)
  Edmund (D:4)
  An ogre (D:4)
  A scorpion (D:4)
  A bullfrog skeleton (D:4)
  An iguana (D:4)
  4 worker ants (D:4)
  2 adders (D:2)
  4 gnolls
  A white imp (D:2)
  3 oozes (D:1)
  2 dart slugs
  2 leopard geckos
  10 orcs (D:4)
  4 giant cockroaches
  10 goblins
  10 hobgoblins
  2 jackals (D:1)
  A kobold (D:2)
  6 bats
  4 frilled lizards
  3 rats
74 creatures vanquished.

Notes
Turn   | Place    | Note
-------+----------+-------------------------------------------
     0 | D:1      | runemasterragnar the Octopode Fighter began the quest for
                  | the Orb.
     0 | D:1      | Reached XP level 1. HP: 16/16 MP: 1/1
     5 | D:1      | Upgraded the game from 0.26-a0-852-g6321bf7485 to
                  | 0.26-a0-940-gf7e0b5f775
    34 | D:1      | Reached XP level 2. HP: 16/21 MP: 2/2
   416 | D:1      | Reached XP level 3. HP: 18/26 MP: 3/3
   525 | D:1      | Reached skill level 1 in Stealth
   963 | D:2      | Reached skill level 1 in Unarmed Combat
   963 | D:2      | Reached XP level 4. HP: 31/31 MP: 4/4
  1489 | D:2      | Learned a level 1 spell: Apportation
  1705 | D:2      | Reached XP level 5. HP: 36/36 MP: 5/5
  1759 | D:3      | Noticed Sigmund
  1794 | D:4      | Noticed an ogre
  1800 | D:4      | Gained mutation: You are partially covered in rugged brown
                  | scales. (AC +1, +3% HP) [potion of mutation]
  1800 | D:4      | Gained mutation: Your body sometimes deteriorates upon
                  | taking damage. [potion of mutation]
  1800 | D:4      | Gained mutation: Your mind is acute. (Int +2) [potion of
                  | mutation]
  1800 | D:4      | Gained mutation: You are partially covered in molten
                  | scales. (AC +2) [potion of mutation]
  1809 | D:4      | Killed an ogre
  1810 | D:4      | Reached skill level 1 in Translocations
  1961 | D:4      | Reached XP level 6. HP: 21/43 MP: 6/6
  2367 | D:4      | Found a staircase to the Ecumenical Temple.
  2380 | Temple   | Entered the Ecumenical Temple
  2387 | Temple   | Became a worshipper of Gozag Ym Sagoz the Greedy
  2538 | D:3      | Killed Sigmund
  2539 | D:3      | Reached skill level 1 in Spellcasting
  2539 | D:3      | Reached XP level 7. HP: 48/48 MP: 8/8
  2539 | D:3      | Noticed Robin
  2942 | D:4      | Noticed Edmund
  2952 | D:4      | Killed Edmund
  3090 | D:4      | Slain by an ogre

Illustrated notes

Levels and vault maps discovered:
D:1:      minmay_arrival_four_houses, layout_rooms, serial_forest,
          infiniplex_forest_clump_double, infiniplex_forest_end_3,
          infiniplex_forest_lined_ring, infiniplex_forest_corner_1,
          infiniplex_forest_lined_3_way, infiniplex_forest_clump_tiny,
          infiniplex_forest_lined_1, infiniplex_forest_clump_tiny,
          minmay_misc_feat_five
D:2:      layout_basic
D:3:      layout_basic, evilmike_ruin_ashenzari, uniq_terence, uniq_ijyb,
          uniq_robin, uniq_sigmund
D:4:      cheibrodos_helix_gallery, layout_basic, temple_hall, uniq_edmund
Temple:   nicolae_temple_the_god_donut

Skill      XL: |  1  2  3  4  5  6  7 |
---------------+----------------------+-----
Stealth        | 1 2 3 |  3.6
Long Blades    | 3 4 |  4.4
Unarmed Combat | 1 2 |  2.3
Translocations | 1 2 |  2.6
Spellcasting   | 1 |  1.5
Fighting       | 4 |  4.0
Dodging        | 4 |  4.0
Shields        | 4 |  4.0

Action                   |  1- 3 |  4- 6 |  7- 9 || total
-------------------------+-------+-------+-------++-------
Melee: Long sword        |    54 |    62 |    38 ||   154
       Constrict         |    14 |    19 |    12 ||    45
       Tentacles         |     7 |    19 |    13 ||    39
       Punch             |       |     2 |       ||     2
       Dagger            |       |     1 |       ||     1
  Use: Potion            |       |     4 |       ||     4
 Stab: Sleeping          |    11 |     6 |       ||    17
Armor: Skin              |     6 |     9 |     5 ||    20
Dodge: Dodged            |    21 |    28 |    17 ||    66
Block: Kite shield       |    19 |    31 |    17 ||    67
       Rpst.: Long sword |     7 |    11 |     5 ||    23

Table legend: (Time is in decaauts)
 A = Elapsed time spent in this place.
 B = Non-inter-level travel time spent in this place.
 C = Inter-level travel time spent in this place.
 D = Time resting spent in this place.
 E = Time spent auto-exploring this place.
 F = Levels seen in this place.
 G = Mean time per level.
                   A        B        C        D        E       F      G
               +--------+--------+--------+--------+--------+-----+--------+
         Total |   3137 |   2979 |    158 |    654 |   1775 |   5 |  627.4 |
       Dungeon |   3121 |   2963 |    158 |    654 |   1775 |   4 |  780.2 |
        Temple |     15 |     15 |      0 |      0 |      0 |   1 |   15.0 |
               +--------+--------+--------+--------+--------+-----+--------+

Top non-repeatable levels by time:
     D:4: 1261 daAuts
     D:2: 926 daAuts
     D:1: 844 daAuts
     D:3: 89 daAuts
  Temple: 15 daAuts
